 Dungeon Crawl Stone Soup version 0.30.1-11-g7821555f0a (webtiles) character file.

Game seed: 12461943271917600231

76 fireball365 the Covered (level 4, -1/40 HPs)
             Began as a Hill Orc Fighter on Dec 15, 2023.
             Slain by a cerulean imp
             ... wielding a +2 spear
             ... summoned by Natasha
              (2 damage)
             ... on level 2 of the Dungeon.
             The game lasted 00:01:48 (1338 turns).

fireball365 the Covered (Hill Orc Fighter)          Turns: 1338, Time: 00:01:50

Health: -1/40      AC:  7    Str: 20    XL:     4   Next: 32%
Magic:  4/4        EV:  9    Int:  8    God:
Gold:   126        SH:  4    Dex: 10    Spells: 3/3 levels left

rFire   . . .        a - +0 war axe
rCold   . . .        c - +0 buckler
rNeg    . . .        b - +0 scale mail
rPois   .            (no helmet)
rElec   .            (no cloak)
rCorr   .            (no gloves)
SInv    .            (no boots)
Will    .....        (no amulet) Stlth
                     (no ring)
HPRegen 0.26/turn    (no ring)
MPRegen 0.09/turn

%: no passive effects
@: slowed, very slow
A: no striking features
a: no special abilities


You were on level 2 of the Dungeon.
You visited 1 branch of the dungeon, and saw 2 of its levels.

You collected 126 gold pieces.

Inventory:

Hand Weapons
 a - a +0 war axe (weapon)
Armour
 b - a +0 scale mail (worn)
 c - a +0 buckler (worn)
Scrolls
 f - a scroll of identify {unknown}
 i - a scroll of vulnerability {unknown}
 j - a scroll of poison {unknown}
 k - 2 scrolls of amnesia {unknown}
 l - a scroll of torment {unknown}
Potions
 d - a potion of might
 e - a potion of heal wounds {unknown}
 g - 2 potions of attraction {unknown}
 h - a potion of brilliance {unknown}


   Skills:
 + Level 4.0 Fighting
 + Level 3.7 Axes
 + Level 4.1 Armour
 + Level 0.2 Dodging
 + Level 4.0 Shields


You had 3 spell levels left.
You didn't know any spells.
Your spell library was empty.

Dungeon Overview and Level Annotations

Branches:
Dungeon (2/15)

Altars:

Annotations:
D:2 Natasha


Message History

The magic dart hits you.
The cerulean imp hits you but does no damage.
Natasha claws you but does no damage. The cerulean imp closely misses you.
You barely miss Natasha. You block Natasha's attack.
The cerulean imp completely misses you. Natasha claws you but does no damage.
The cerulean imp barely misses you.
You miss Natasha. Natasha claws you.
The cerulean imp hits you but does no damage.
Natasha claws you. The cerulean imp barely misses you. Natasha misses you.
You closely miss Natasha. You block the cerulean imp's attack.
Natasha claws you. The cerulean imp barely misses you.
Natasha barely misses you.
You barely miss Natasha. The cerulean imp closely misses you.
Natasha misses you.
The cerulean imp hits you but does no damage.
Natasha barely misses you.
You hit Natasha.
Natasha is lightly wounded.
You block the cerulean imp's attack.
Natasha casts a spell.
The cerulean imp closely misses you. Natasha closely misses you.
You barely miss Natasha.
Natasha is lightly wounded.
You barely miss the cerulean imp.
The cerulean imp hits you but does no damage.
Natasha casts a spell at you. The magic dart hits you!
* * * LOW HITPOINT WARNING * * *
The cerulean imp hits you but does no damage.
You block the cerulean imp's attack. Natasha claws you.
* * * LOW HITPOINT WARNING * * *
The cerulean imp hits you but does no damage.
You barely miss Natasha.
Natasha is lightly wounded.
You miss the cerulean imp. You block the cerulean imp's attack.
Natasha barely misses you.
The cerulean imp hits you with a +1 spear.
* * * LOW HITPOINT WARNING * * *
The cerulean imp hits you from afar with a +2 spear.
You die...

...# ##### ...
##...######## ...
#...........# #..
..>....####.# #.#
.......# #.# #5# ..
.......####.####h###....
#......#........@5......
#......#.##...##.###....
.......#.####..#.# #
.........# ##...#
.........# ##..#
#........### ##.# ###
.....#.....# #.# #.#
.#.##....#.# ### #.#
##....##...# #.#


You could see Natasha and 2 cerulean imps.

Vanquished Creatures
  Jessica (D:2)
  An adder (D:2)
  A worm (D:2)
  A dart slug (D:1)
  An orc (D:2)
  6 endoplasms
  A giant cockroach (D:1)
  5 goblins
  2 kobolds (D:1)
  2 quokkas
  5 ball pythons
  2 bats
  3 frilled lizards
  4 rats
35 creatures vanquished.

Notes
Turn   | Place    | Note
-------+----------+-------------------------------------------
     0 | D:1      | fireball365 the Hill Orc Fighter began the quest for the
                  | Orb.
     0 | D:1      | Reached XP level 1. HP: 19/19 MP: 1/1
   169 | D:1      | Reached XP level 2. HP: 27/27 MP: 2/2
   566 | D:1      | Reached XP level 3. HP: 25/33 MP: 3/3
   850 | D:2      | Noticed Jessica
   863 | D:2      | Killed Jessica
   963 | D:2      | Reached XP level 4. HP: 24/40 MP: 4/4
  1324 | D:2      | Noticed Natasha
  1338 | D:2      | HP: 1/40 [cerulean imp/+1 spear[Natasha] (3)]
  1338 | D:2      | Slain by a cerulean imp

Illustrated notes

Levels and vault maps discovered:
D:1:      minmay_arrival_nine_rooms, layout_basic,
          nicolae_concentric_dashed_squares_mild
D:2:      layout_rooms, uniq_natasha, uniq_jessica

Skill      XL: |  1  2  3 |
---------------+----------+-----
Shields        | 4 |  4.0
Fighting       | 4 |  4.0
Axes           | 3 |  3.7
Armour         | 4 |  4.1
Dodging        | |  0.2

Action                     |  1- 3 |  4- 6 || total
---------------------------+-------+-------++-------
  Melee: War axe           |    52 |    48 ||   100
 Armour: Scale mail        |    28 |    34 ||    62
  Dodge: Dodged            |    29 |    40 ||    69
  Block: Buckler           |    13 |    13 ||    26
